 Dungeon Crawl Stone Soup version 0.30.1-11-g7821555f0a (webtiles) character file.

Game seed: 10118752907010772383

72285 Nonny the Warrior (level 15, 0/141 HPs)
             Began as a Minotaur Air Elementalist on Nov 11, 2023.
             Was a High Priest of Sif Muna.
             Slain by a troll (2 damage)
             ... on level 2 of the Orcish Mines.
             The game lasted 01:32:33 (20046 turns).

Nonny the Warrior (Minotaur Air Elementalist)      Turns: 20046, Time: 01:32:33

Health: 0/141      AC: 35    Str: 14    XL:     15   Next: 0%
Magic:  0/23       EV:  6    Int: 30    God:    Sif Muna [*****.]
Gold:   2743       SH: 14    Dex: 21    Spells: 18/26 levels left

rFire   . . .        U - +7 morningstar (freeze)
rCold   . . .        t - +1 kite shield {reflect}
rNeg    . . .        T - +9 plate armour "Mucocav" {Int+5 Dex+5 Stlth-}
rPois   +            h - +2 hood of the Assassin {Detect Stab+ Stlth++}
rElec   .            r - +1 cloak
rCorr   .            v - +2 pair of gloves
SInv    .            G - +2 pair of boots
Will    ++...        Z - amulet of Hupitel {Spirit Harm rPois Int+3 Dex+3} Stlth
                     N - +6 ring of intelligence
HPRegen 0.43/turn    C - ring of willpower
MPRegen 0.18/turn

%: harm (+30% outgoing, +20% incoming), reflection, guardian spirit
@: no status effects
A: horns 2, retaliatory headbutt
a: Renounce Religion, Channel Magic, Forget Spell, Divine Exegesis


You were on level 2 of the Orcish Mines.
You worshipped Sif Muna.
Sif Muna was extremely pleased with you.
You visited 4 branches of the dungeon, and saw 20 of its levels.
You also visited: Bailey.

You collected 3120 gold pieces.
You spent 377 gold pieces at shops.

Inventory:

Hand Weapons
 U - a +7 morningstar of freezing (weapon)
Missiles
 l - 23 poisoned darts
 P - 3 curare-tipped darts
Armour
 h - the +2 hood of the Assassin (worn) {Detect Stab+ Stlth++}
   (You acquired it on level 7 of the Dungeon)

   Detect:    It allows the wearer to sense nearby creatures.
   Stab+:     It allows the wearer to make particularly effective stabbing
   attacks against helpless or unaware enemies with any weapon.
   Stlth:     It makes you much more stealthy.
 r - a +1 cloak (worn)
 t - a +1 kite shield of reflection (worn)
 v - a +2 pair of gloves (worn)
 G - a +2 pair of boots (worn)
 T - the +9 plate armour "Mucocav" (worn) {Int+5 Dex+5 Stlth-}
   (You found it on level 5 of the Lair of Beasts)

   Int:       It affects your intelligence (+5).
   Dex:       It affects your dexterity (+5).
   Stlth:     It makes you less stealthy.
Magical Staves
 d - a staff of death
 f - a staff of fire
 n - a staff of air
 w - a staff of poison
Jewellery
 a - a ring of protection from cold
 u - the ring "Katiud" {Ice Int+10}
   (You found it on level 3 of the Dungeon)

   [ring of ice]

   It enhances your ice magic.
   Int:       It affects your intelligence (+10).
   rF:        It makes you vulnerable to fire.
   rC:        It protects you from cold.
 z - an amulet of regeneration
 C - a ring of willpower (right hand)
 N - a +6 ring of intelligence (left hand)
 Q - a ring of flight
 Z - the amulet of Hupitel (around neck) {Spirit Harm rPois Int+3 Dex+3}
   (You found it on level 3 of the Lair of Beasts)

   [amulet of guardian spirit]

   It causes incoming damage to be divided between your reserves of health and
   magic.
   Int:       It affects your intelligence (+3).
   Dex:       It affects your dexterity (+3).
   rPois:     It protects you from poison.
   Harm:      It increases damage dealt and taken.
Wands
 y - a wand of flame (88)
 D - a wand of charming (23)
 J - a wand of quicksilver (8)
 M - a wand of mindburst (11)
Scrolls
 e - a scroll of summoning
 g - 6 scrolls of teleportation
 i - 5 scrolls of fear
 k - 6 scrolls of magic mapping
 o - 3 scrolls of vulnerability
 E - 4 scrolls of noise
 V - a scroll of immolation
Potions
 b - 4 potions of magic
 j - 4 potions of might
 m - 3 potions of cancellation
 q - 4 potions of brilliance
 s - a potion of resistance
 x - 6 potions of mutation
 A - 15 potions of curing
 B - 5 potions of haste
 F - 2 potions of ambrosia
 H - 2 potions of heal wounds
 I - 4 potions of invisibility
 K - 3 potions of attraction
 R - a potion of flight
Miscellaneous
 O - a phantom mirror
 S - a piece from Xom's chessboard (15/15)


   Skills:
 - Level 15.1 Fighting
 - Level 14.1(14.3) Maces & Flails
 - Level 4.0(10.0) Staves
 + Level 11.8 Armour
 - Level 6.0 Dodging
 - Level 1.5 Stealth
 + Level 11.0 Shields
 - Level 6.0 Spellcasting
 - Level 0.6 Conjurations
 - Level 8.3 Air Magic
 - Level 3.0 Poison Magic
 * Level 2.7 Invocations
 - Level 4.0 Evocations


You had 18 spell levels left.
You knew the following spells:

 Your Spells              Type           Power      Damage    Failure   Level
a - Shock                 Conj/Air       100%       1d9       56%         1
b - Swiftness             Air            56%        N/A       41%         3
c - Airstrike             Air            28%        2d(4-20)  82%         4

Your spell library contained the following spells:

 Spells                   Type           Power      Damage    Failure   Level
 Poisonous Vapours        Pois/Air       86%        N/A       54%         2
 Static Discharge         Conj/Air       72%        2-5/arc   71%         2
 Cigotuvi's Dreadful Rot  Necr/Pois/Air  62%        N/A       82%         2
 Vhi's Electric Charge    Tloc/Air       68%        N/A       94%         3
 Beastly Appendage        Tmut           18%        N/A       99%         1
 Freeze                   Ice            36%        1d5       99%         1
 Wereblood                Tmut           9%         N/A       100%        2
 Frozen Ramparts          Ice            18%        1d3       100%        3
 Gell's Gravitas          Tloc           9%         N/A       100%        3
 Hailstorm                Conj/Ice       10%        3d5       100%        3
 Ignite Poison            Fire/Tmut/Pois 15%        N/A       100%        3
 Inner Flame              Hex/Fire       9%         N/A       100%        3
 Spider Form              Tmut/Pois      18%        N/A       100%        3
 Stone Arrow              Conj/Erth      20%        3d8       100%        3
 Teleport Other           Tloc           9%         N/A       100%        3
 Tukima's Dance           Hex            9%         N/A       100%        3
 Animate Armour           Summ/Erth      18%        N/A       100%        4
 Passage of Golubria      Tloc           9%         N/A       100%        4
 Arcjolt                  Conj/Air       18%        1d28      100%        5
 Borgnjor's Vile Clutch   Necr/Erth      4%         N/A       100%        5
 Freezing Cloud           Conj/Ice/Air   13%        6-21      100%        5
 Lee's Rapid Deconstruct  Erth           4%         3d5*      100%        5
 Yara's Violent Unravell  Hex/Tmut       4%         3d4       100%        5
 Dispersal                Tloc           4%         N/A       100%        6
 Enfeeble                 Hex            4%         N/A       100%        7
 Malign Gateway           Summ/Tloc      4%         N/A       100%        7
 Lehudib's Crystal Spear  Conj/Erth      5%         10d3      100%        8
 Summon Horrible Things   Summ           4%         N/A       100%        8
 Chain Lightning          Conj/Air       18%        3d24      100%        9


Dungeon Overview and Level Annotations

Branches:
Dungeon (12/15)            Temple (1/1) D:5            Lair (5/5) D:8
 Shoals (0/4) Lair:2       Spider (0/4) Lair:3        Slime (0/5) Lair:4
    Orc (2/2) D:9             Elf (0/3) Orc:2        Bailey (visited)

Altars:
Ashenzari
Cheibriados
Dithmenos
Elyvilon
Fedhas
Gozag
Hepliaklqana
Kikubaaqudgha
Makhleb
Nemelex Xobeh
Okawaru
Qazlal
Ru
Sif Muna
Trog
Uskayaw
Vehumet
Wu Jian
Xom
Yredelemnul
Zin
The Shining One
Jiyva
Lugonu

Shops:
D:1 =!:   D:3 (   Orc:1 *   Orc:2 :


Innate Abilities, Weirdness & Mutations

You have a pair of horns on your head.
You reflexively headbutt those who attack you in melee.


Message History

The troll shouts!
Things that are here:
a +0 long sword; a +0 arbalest; a +0 plate armour The orc knight hits you with a +1 heavy battleaxe!
You hit the orc knight. You freeze the orc knight.
The orc knight is lightly wounded.
You hit the orc knight. You freeze the orc knight.
The orc knight is lightly wounded.
You block the orc knight's attack.
You impale the orc knight!! You freeze the orc knight!
You headbutt the orc knight!
The orc knight is almost dead.
You barely miss the orc knight. Your headbutt misses the orc knight.
The orc knight is almost dead.
You block the orc knight's attack.
You hit the orc knight but do no damage.
The orc knight is almost dead.
You block the orc knight's attack.
You completely miss the orc knight.
The orc knight is almost dead.
You hit the orc knight. You freeze the orc knight.
The orc knight is almost dead.
The orc knight hits you with a +1 heavy battleaxe!!
* * * LOW HITPOINT WARNING * * *
The troll bites you.
* * * LOW HITPOINT WARNING * * *
You block the troll's attack. x2
You feel much better. The troll completely misses you.
You block the troll's attack. The troll claws you but does no damage.
You block the orc knight's attack.
You hit the orc knight but do no damage.
The orc knight is almost dead.
The troll barely misses you. You furiously retaliate!
You headbutt the troll. The troll claws you but does no damage.
You block the troll's attack.
You hit the orc knight but do no damage.
The orc knight is almost dead.
The orc knight hits you with a +1 heavy battleaxe!!
* * * LOW HITPOINT WARNING * * *
You block the troll's attack. The troll claws you.
You die...

.#.....#............##....#
...........#8.......#.##.##
#.##.......#..............#
...#.o............##......#
....o##o∩∩...∩∩###)......##
...#o.4.####.###.........#
#..o.o........).##(.....##
.#.#oo#.......#.#.....#.#
.o#o.......#...T@..#.....#
.oo##.#..........o....#..#
.oo...####.######.......##
#..o.....### ........#
##.##..... .....####
#.o##..... .##.# #..# #....
## .# #.## ... # #''#
######


You could see an orc knight (strong) and a troll.

Vanquished Creatures
  3 dire elephants (Lair:5)
  A boulder beetle (D:11)
  5 hydras
  6 two-headed ogres
  6 death yaks
  An orc high priest (Orc:2)
  Amaemon (Lair:1)
  3 spectral death yaks (Lair:5)
  A spectral anaconda (Lair:5)
  3 necromancers
  An obsidian statue (Lair:5)
  3 deep elf pyromancers (D:12)
  11 orc knights
  An oklob plant (Lair:1)
  6 orc sorcerers
  A manticore (Lair:5)
  A merfolk siren (Lair:2)
  13 elephants
  4 cyclopes
  6 black mambas
  A dire elephant zombie (Lair:5)
  An orange demon (Lair:1)
  2 gargoyles (D:12)
  A demonic crawler (Lair:3)
  Maggie (D:8)
  7 cane toads
  3 rime drakes
  7 komodo dragons
  2 kobold demonologists (D:12)
  4 trolls
  3 merfolk (Lair:2)
  A polar bear (Lair:4)
  A hornet (D:11)
  5 dream sheep (D:10)
  12 blink frogs
  11 saltlings (Orc:2)
  3 jumping spiders (Lair:3)
  2 vampires
  3 shadows (D:10)
  5 wraiths
  28 yaks
  9 wyverns
  2 basilisks
  8 vampire mosquitoes
  2 redbacks (Lair:3)
  3 steam dragons
  A swamp worm (Lair:3)
  Edmund (D:4)
  5 wargs
  13 water moccasins
  15 orc warriors
  An ice beast (D:8)
  2 elephant zombies (Lair:4)
  10 wolves
  3 ogres
  2 centaurs
  An elephant skeleton (Lair:5)
  A phantom (D:7)
  8 bullfrogs
  A komodo dragon zombie (Lair:4)
  2 gnoll sergeants
  3 kobold brigands
  3 scorpions
  2 cane toad simulacra (Lair:5)
  12 wights (D:9)
  29 killer bees
  An elephant simulacrum (Lair:5)
  3 electric eels
  5 hounds
  3 jellies
  3 orc priests
  A basilisk zombie (Lair:4)
  A gnoll bouda (D:5)
  A sleepcap (D:4)
  3 iguanas
  13 orc wizards
  16 gnolls
  4 adders
  A white imp (D:8)
  5 worms
  3 dart slugs
  60 orcs
  8 ball pythons
  4 bats
  12 endoplasms
  6 giant cockroaches
  3 goblins
  9 hobgoblins
  11 jackals
  16 kobolds
  5 frilled lizards
  7 rats
523 creatures vanquished.

Vanquished Creatures (collateral kills)
  A dire elephant (Lair:5)
  A necromancer (Lair:5)
2 creatures vanquished.

Vanquished Creatures (others)
  An orc (D:9)
1 creature vanquished.

Grand Total: 526 creatures vanquished

Notes
Turn   | Place    | Note
-------+----------+-------------------------------------------
     0 | D:1      | Nonny the Minotaur Air Elementalist began the quest for the
                  | Orb.
     0 | D:1      | Reached XP level 1. HP: 14/14 MP: 1/1
    32 | D:1      | Starting vault: water to lava oval.
    64 | D:1      | staff of death just west of starting vault, past rat and
                  | endoplasm
   107 | D:1      | amulet of faith southwest of starting vault
   109 | D:1      | Found Saun's Jewellery Shoppe.
   112 | D:1      | Reached skill level 1 in Staves
   256 | D:1      | Found Lywos's Distillery.
   263 | D:1      | Reached skill level 1 in Armour
   263 | D:1      | Reached XP level 2. HP: 22/22 MP: 3/3
   417 | D:1      | Found Fedwadde's Book Shoppe.
   540 | D:1      | Reached skill level 1 in Fighting
   713 | D:2      | Reached XP level 3. HP: 24/28 MP: 4/4
  1357 | D:3      | Reached XP level 4. HP: 9/35 MP: 5/5
  1394 | D:3      | Identified the +0 robe of Qiyplege {Int+2}
  1508 | D:3      | Found Uvvocwiago's Antique Weapon Emporium.
  1655 | D:3      | Found a bloodstained altar of Trog.
  1709 | D:3      | Identified the ring "Katiud" {Ice Int+10}
  1784 | D:3      | +1 pair of gloves in western statue hall
  1795 | D:3      | staff of poison in there too
  2225 | D:4      | Noticed a scorpion
  2247 | D:4      | Killed a scorpion
  2248 | D:4      | Reached XP level 5. HP: 30/41 MP: 6/6
  2292 | D:4      | amulet of regen is found down here
  2442 | D:4      | Reached skill level 5 in Armour
  2470 | D:4      | Found a shimmering altar of Xom.
  2494 | D:4      | Noticed Edmund
  2505 | D:4      | HP: 1/36 [acid (8)]
  2507 | D:4      | Reached skill level 2 in Fighting
  2549 | D:4      | Found an iron altar of Okawaru.
  2560 | D:4      | Reached XP level 6. HP: 35/47 MP: 7/7
  2565 | D:4      | Found a sparkling altar of Nemelex Xobeh.
  2565 | D:4      | Found a snail-covered altar of Cheibriados.
  2565 | D:4      | Found a glowing golden altar of the Shining One.
  2566 | D:4      | Found a glowing silver altar of Zin.
  2568 | D:4      | Found a hazy altar of Hepliaklqana.
  2569 | D:4      | Found a sacrificial altar of Ru.
  2897 | D:5      | Entered Level 5 of the Dungeon
  2954 | D:5      | Identified the +0 buckler of Exkipnaq {+Inv rC+ Dex+2}
  3290 | D:5      | Found a staircase to the Ecumenical Temple.
  3311 | D:5      | Reached skill level 1 in Evocations
  3344 | Temple   | Entered the Ecumenical Temple
  3352 | Temple   | Lugonu temple.
  3431 | D:5      | Reached skill level 3 in Fighting
  3431 | D:5      | Reached XP level 7. HP: 57/57 MP: 8/8
  3665 | D:5      | Reached skill level 1 in Shields
  3865 | D:5      | Reached skill level 4 in Fighting
  4157 | D:6      | Noticed a two-headed ogre
  4158 | D:6      | Found a hide-covered altar of Uskayaw.
  4282 | D:6      | staff of fire
  4465 | D:6      | Killed a two-headed ogre
  4466 | D:6      | Reached skill level 6 in Fighting
  4466 | D:6      | Reached XP level 8. HP: 71/71 MP: 8/11
  4676 | D:7      | Reached skill level 7 in Fighting
  4756 | D:7      | You fall into a shaft and drop 1 floor!
  4778 | D:8      | Reached skill level 1 in Poison Magic
  4808 | D:8      | Reached skill level 8 in Fighting
  4817 | D:8      | Reached XP level 9. HP: 9/82 MP: 12/12
  5021 | D:8      | Noticed Maggie
  5053 | D:8      | Noticed a two-headed ogre
  5055 | D:8      | Reached skill level 9 in Fighting
  5571 | D:7      | Identified 2 scrolls of acquirement
  5571 | D:7      | Acquired the +2 hood of the Assassin {Detect Stab+ Stlth++}
  5571 | D:7      | Found the +2 hood of the Assassin {Detect Stab+ Stlth++}
  5573 | D:7      | Acquired a staff of air
  5813 | D:7      | Found a basalt altar of Yredelemnul.
  5833 | D:7      | This floor literally only had a hound on it. wtf
  5955 | D:8      | Killed a two-headed ogre
  5956 | D:8      | Reached skill level 10 in Fighting
  6006 | D:8      | Killed Maggie
  6028 | D:8      | Reached skill level 11 in Fighting
  6168 | D:8      | Lots of killer bees on this floor.
  6174 | D:8      | Found a staircase to the Lair.
  6175 | D:8      | Noticed a komodo dragon
  6309 | D:9      | Found a flagged portal.
  6321 | D:9      | Acquired 901 gold pieces
  6325 | Bailey   | Entered a bailey
  6348 | Bailey   | Reached XP level 10. HP: 81/94 MP: 13/13
  6551 | Bailey   | Reached XP level 11. HP: 101/101 MP: 14/14
  6556 | Bailey   | Learned a level 3 spell: Swiftness
  6561 | Bailey   | Learned a level 4 spell: Airstrike
  6649 | Bailey   | Noticed an orc knight
  6657 | Bailey   | Killed an orc knight
  6660 | Bailey   | Noticed an orc knight
  6704 | Bailey   | Noticed an orc knight
  6713 | Bailey   | Killed an orc knight
  6749 | Bailey   | Killed an orc knight
  7153 | D:9      | Reached skill level 12 in Fighting
  7243 | D:9      | Found a staircase to the Orcish Mines.
  7631 | D:9      | Lots of wights on this floor.
  7796 | D:10     | Entered Level 10 of the Dungeon
  7839 | D:10     | Found a radiant altar of Vehumet.
  7843 | D:10     | phantom mirror
  7866 | D:10     | Found an opulent altar of Gozag.
  8335 | D:10     | Found the +5 robe of Night {Dark Will+ SInv}
  8344 | D:10     | Located in vault with shadows and dream sheep.
  8791 | D:10     | Found a blossoming altar of Fedhas.
  8792 | D:10     | Found an ancient bone altar of Kikubaaqudgha.
  8859 | D:10     | Reached skill level 10 in Armour
  8947 | D:11     | Noticed a boulder beetle
  8964 | D:11     | Killed a boulder beetle
  9218 | D:11     | Reached skill level 5 in Dodging
  9423 | D:11     | Noticed a two-headed ogre
  9452 | D:11     | Killed a two-headed ogre
 10038 | Lair:1   | Entered Level 1 of the Lair of Beasts
 10186 | Lair:1   | Reached XP level 12. HP: 113/113 MP: 15/15
 10356 | Lair:1   | Noticed a four-headed hydra
 10371 | Lair:1   | Noticed a four-headed hydra
 10388 | Lair:1   | Killed a four-headed hydra
 10389 | Lair:1   | Reached skill level 13 in Fighting
 10420 | Lair:1   | Killed a four-headed hydra
 10421 | Lair:1   | Reached skill level 1 in Maces & Flails
 10534 | Lair:1   | Found the +1 robe of Vines {NoPotionHeal Regen++++}
 10703 | Lair:1   | Noticed Amaemon
 10786 | Lair:1   | Killed Amaemon
 11302 | Lair:2   | Noticed a six-headed hydra
 11325 | Lair:1   | Killed a six-headed hydra
 11353 | Lair:2   | Reached skill level 5 in Maces & Flails
 11545 | Lair:2   | Found a staircase to the Shoals.
 11872 | Lair:2   | Noticed a death yak
 11872 | Lair:2   | Noticed a death yak
 11872 | Lair:2   | Noticed a death yak
 11872 | Lair:2   | Noticed a death yak
 11872 | Lair:2   | Noticed a death yak
 11890 | Lair:2   | Killed a death yak
 11891 | Lair:2   | Reached skill level 5 in Spellcasting
 11901 | Lair:2   | Killed a death yak
 11911 | Lair:2   | Killed a death yak
 11925 | Lair:2   | Killed a death yak
 11936 | Lair:2   | Killed a death yak
 12601 | D:4      | Found a shimmering blue altar of Sif Muna.
 12607 | D:4      | Became a worshipper of Sif Muna the Loreminder
 12714 | D:4      | Killed Edmund
 13007 | Lair:3   | Noticed an eight-headed hydra
 13031 | Lair:3   | Killed an eight-headed hydra
 13032 | Lair:3   | Reached XP level 13. HP: 88/123 MP: 20/20
 13165 | Lair:3   | Found a hole to the Spider Nest.
 13364 | Lair:3   | Reached * piety under Sif Muna
 13776 | Lair:3   | Identified the amulet of Hupitel {Spirit Harm rPois Int+3
                  | Dex+3}
 13791 | Lair:3   | Identified the +1 falchion "Wufalisu" {flame, rF+}
 14133 | Lair:4   | Reached skill level 10 in Maces & Flails
 14328 | Lair:4   | Reached skill level 14 in Fighting
 14334 | Lair:4   | Identified the +1 battleaxe "Oviloqoa" {flame, Int+2 SInv}
 14553 | Lair:4   | Found a viscous altar of Jiyva.
 14554 | Lair:4   | Found a staircase to the Slime Pits.
 14606 | Lair:4   | Wyvern nest in southeest.
 14616 | Lair:4   | Reached skill level 5 in Shields
 14996 | Lair:5   | Entered Level 5 of the Lair of Beasts
 15121 | Lair:5   | Reached ** piety under Sif Muna
 15361 | Lair:5   | Identified the +9 plate armour "Mucocav" {Int+5 Dex+5
                  | Stlth-}
 15690 | Lair:5   | Manticore and black mamba vault at center of floor.
 15704 | Lair:5   | Reached skill level 15 in Fighting
 15844 | Lair:5   | Noticed a dire elephant
 15844 | Lair:5   | Noticed a dire elephant
 15844 | Lair:5   | Noticed a dire elephant
 15844 | Lair:5   | Noticed a dire elephant
 15898 | Lair:5   | Reached XP level 14. HP: 104/130 MP: 22/22
 15962 | Lair:5   | Reached *** piety under Sif Muna
 17731 | D:12     | Reached **** piety under Sif Muna
 18159 | D:1      | Bought a potion of curing for 39 gold pieces
 18159 | D:1      | Bought a potion of curing for 39 gold pieces
 18159 | D:1      | Bought a potion of curing for 39 gold pieces
 18159 | D:1      | Bought a potion of heal wounds for 65 gold pieces
 18159 | D:1      | Bought a potion of curing for 39 gold pieces
 18159 | D:1      | Bought a potion of invisibility for 104 gold pieces
 18159 | D:1      | Bought a potion of might for 52 gold pieces
 18389 | Orc:1    | Entered Level 1 of the Orcish Mines
 18731 | Orc:1    | Found Lelon's Gadget Gallery.
 18971 | Orc:2    | Entered Level 2 of the Orcish Mines
 19312 | Orc:2    | Reached ***** piety under Sif Muna
 19339 | Orc:2    | Salt vault.
 19344 | Orc:2    | Received a gift from Sif Muna
 19345 | Orc:2    | Reached skill level 10 in Shields
 19349 | Orc:2    | Got Rugeck's Octavo of the Lithic Zephyr {god gift}
 19387 | Orc:2    | Reached skill level 1 in Invocations
 19468 | Orc:2    | Found Oxitusk's Book Shop.
 19491 | Orc:2    | Noticed an orc warlord
 19544 | Orc:2    | Found a staircase to the Elven Halls.
 20034 | Orc:2    | Reached XP level 15. HP: 55/141 MP: 7/23
 20046 | Orc:2    | HP: 2/141 [orc knight/+1 heavy battleaxe (31)]
 20046 | Orc:2    | Slain by a troll

Illustrated notes #..# #..# #..# ########.######## #≈§≈≈≈§≈.≈§≈≈≈≈§# #§≈≈≈≈.§...§≈≈≈≈# #≈≈....~~~....≈§# #≈...~~~.~~~...≈#.# #≈..~~..@.~~~.....# #≈...~~~.~~~...≈#.# #≈≈...[~~~....≈≈# #§≈≈≈≈.....§≈≈≈≈# #≈≈≈≈≈§≈§≈≈≈≈≈≈§# ################# Turn 32 on D:1: Starting vault: water to lava oval. ... ##########.###### ..$. #..............>. ..... #.#######..##### .....###.# #..# .......#.# #..# ....#...########.####### .........#≈≈≈≈≈§§.≈≈≈§≈§§ .....###.#≈≈≈≈§§§...§≈§§§ #..# #@#≈≈....~~~....≈§ #. #..#≈...~~~.~~~.§.≈ # #..#≈..~~..<.~~~.§§ ...#≈...~~~.~~~.§§§ #.#.#§≈...[~~~....§§ #.#.#§§≈≈≈.§§§.≈≈≈≈§ #.#.#≈≈≈§≈≈≈≈≈§≈≈≈≈≈ #.#.################ Turn 64 on D:1: staff of death just west of starting vault, past rat and endoplasm #.#.#§§≈≈≈.§§§.≈≈ #.#.#≈≈≈§≈≈≈≈≈§≈≈ # #.#.############# #. #####.#............ #..#....)#####..###### .........#####........ #..............####### ##.#.....####### .......@.# #..#.##### # Turn 107 on D:1: amulet of faith southwest of starting vault #8...8 #....# ## #...#### ####....# ##8##...##8###8##....# ......|..............# ..)...⌠..............# .$.[.................+ ##8##?..##8###8##....# ##..)#### #######.# #8@..8# #.# ##...## # #.# #...# #.####.# #...# #....#.# #8...8 #.... ##...#############. #...###.........÷. ###.....#########. #####.# #. Turn 1784 on D:3: +1 pair of gloves in western statue hall 8...8 #...# #...# #....#. ##...## #....#. #8...8 #....#. ## #...#### ####....#. 8###8##...##8###8##....#. ........@..............#. ....)...⌠..............#. ...$.[.................+. ###8##...##8###8##....#. # ##..)#### #######.#. #8...8# #.## ##...## # #.# #...# #.####.# #...# #....#.## Turn 1795 on D:3: staff of poison in there too ......###+##.... ...........+....# ...........#....+ #.........#....####+####### ##†..##....#...............# .'...##....#.....).........#. .#.........#................. ##.........#.............(... ##.........#...†@.########### ...........'......# ...........#......# ############......# ######## Turn 2292 on D:4: amulet of regen is found down here #_. .. #._ #.. ###§.########## ..§≈.§.§....≈.P# ._.§§§≈.~.....<# .....§§@.....≈P# ≈###...######### #.~. #≈_. #.... #_.⌠. #.... ##._. Turn 3352 on Temple: Lugonu temple. ### #.........# ##...###### .. ......##..# ########.. ...... ##.# #........# ...... #.# #........# ...... #.## #........# ...... #..# #........# ......####.####<.......# +.........@s..$... ####.####........# #.# #........# #.# #........# #.. #........# ### #........# #........# .........# Turn 4282 on D:6: staff of fire #...############..............### ..............#...............##. #############.#...............##. #...........#.#.................. #.########.##.#<####.###......##. #.# #....#..#.#....#.# #......... #.# #.#.....#.#....#.# #.....###. #.# #.####..#.#.####.# #.....# #. #.# #.......#.#.@....# ####### ## #.# #######.#.######## #.# #.#........# #.#########.#.######.# #........(......)....# ###########.########.# #........##.# ### #.######.##.##### #.# #.##....<# Turn 5833 on D:7: This floor literally only had a hound on it. wtf ....##...# #.# ..)..#..## #.# .....#...# #.# .....#.#.# #.# ....#..#.# #.# .........# #.# ...##.#### #.# ......# #.# ...>..# #@# ......### #†## ........#### #..# ............#####.#### ........###.[........# .<......# ###..y.....# ........# #...###...# ######### #... ..PP# #... ..PPP# Turn 6168 on D:8: Lots of killer bees on this floor. * ******######################### * *,,,,,........@..............). * *,,,,,.=......##......###...... * *,,,,,........##......# #...... * *,,,,,...z....##.>....# #...... * *,,,,,...zz...##......# #...... * *,,,,,........##......# #...... * *,,,,,........##......# #...... * *,,,,,....z...##......# #....<. * *,,,,,........##......# #...... Turn 7631 on D:9: Lots of wights on this floor. ##### ###....## ......:@######## ...#....##.....# ##.?.)..# #..####.# _.... #.# ...#.. #.# #.### #.# .. #.# #<# Turn 7843 on D:10: phantom mirror #...#.# ###...#.# ## ......#.## .# #........#### #.#...##....### ##.. ####...# #. ###.# ### #†# #@# #†# ##.# #.## #).# #..# #..## ##..# #...# #...# #...## ##...# ### ##...#####...## ..# #..........!# ..# ##.........## Turn 8344 on D:10: Located in vault with shadows and dream sheep. #....#.......#≈≈~.#...# #....#..#.....≈≈~.#...) #....####.....≈~≈.#...# #..[PP.##.....~~≈.#'### ##...[).####...~≈~.#.#.# #........÷.#....≈~.#.#.# ##....†###÷.#...~≈.#.#[# ##..###l##..##.~~.#.'.# ##..#.@l.#..###≈≈.##### #.....#.Y#..##≈≈≈≈..... #....##h.#..###≈≈≈~~≈~~ ##..#.####..# ##≈≈≈~≈≈≈ ##.....#†..# #≈≈≈≈≈≈≈ #.^....#†...# ##≈≈≈≈≈≈ ............... ..≈≈≈≈≈ ...PP..#.#..... ≈≈≈ ...P.######.... ~≈≈ Turn 14606 on Lair:4: Wyvern nest in southeest.

.#.....######..###...# #..#......
#.....P## ##...#?##..###.....#P..
####....# #....#..#..~##..#..####
##...###....#..##......'..## #
###....#...#S.#.......#..P###
##.........###...#....#......
#####..........##SH.####.####....
##.###..##.....##SS#.H.####......
..#.....###....#@###...$##.....#.
.†...#P.##.....### #######.....#
#..P######.#.....####............
...P## ####........#...........
......# ##.!.........##.P......
#......# #.#.........#.#.P<#.#.#
.##..P.## ##...P..........P.#####
######...##..........#P..P##.## #
#...#P...............##.#####.###


Turn 15690 on Lair:5: Manticore and black mamba vault at center of floor.
#............. #........#.... #...#......... #............. #...#.###...
##.....###.. ##.##...... #...#...... #..@....... #....#..... #...#9.....
##.....#... ..#..#... ...... ..8 ....#9. ... #... .. .. Turn 19339 on Orc:2:
Salt vault.

Levels and vault maps discovered:
D:1:      dpeg_arrival_shrine, layout_loops_ring, serial_shops,
          nicolae_book_shop_shelving, nicolae_shop_waterfront, shop
D:2:      layout_rooms
D:3:      layout_basic, nicolae_overflow_hidden_temple, serial_corexii_hall,
          corexii_hall_statues_i, corexii_hall_statues_x, serial_shops, shop
D:4:      layout_gridville, kennysheep_orc_sif_temple, lemuel_crystal_altar,
          minitemple, uniq_edmund
D:5:      layout_basic, temple_green
D:6:      layout_basic, eat_drink_and_be_merry_uskayaw
D:7:      lemuel_ice_spiral_2, layout_basic, mainiacjoe_overflow_alcove_2
D:8:      layout_rooms, david_lair_shrubbed, uniq_maggie
D:9:      layout_long_grid, orc_0_dummy, enter_bailey_6
D:10:     layout_basic, grunt_temple_overflow_growth_and_decay,
          grunt_gozag_breadcrumbs, vehumet_crystals,
          hellmonk_guarded_unrand_night
D:11:     layout_irregular_city
D:12:     layout_loops_ring
Temple:   corrupted_temple
Lair:1:   layout_cave_pods, hellmonk_guarded_unrand_vines, uniq_amaemon
Lair:2:   layout_gridlike, elwin_shoals_entry_stream, infiniplex_staircase_pool
Lair:3:   layout_roguey, nicolae_spider_entry_tight_spaces, worms_lemuel,
          serial_bayou_shore_a
Lair:4:   pond_and_an_island_with_a_cottage, layout_concentric_octagons,
          slime_entry_1, beast_lair_carwin_1, grunt_megastairs_2
Lair:5:   due_jungle_book, layout_misc_corridors, hangedman_lair_generics_rect
Orc:1:    layout_caves, nicolae_shop_gadgets
Orc:2:    hellmonk_orc_salted, layout_caves, basic_altar

Skill      XL: |  1  2  3  4  5  6  7  8  9 10 11 12 13 14 |
---------------+-------------------------------------------+-----
Staves         | 1 2 3 4 |  4.0
Armour         | 1 2 3 4 5 6 7 10 11 | 11.8
Fighting       | 1 2 3 6 8 11 12 13 15 | 15.1
Evocations     | 2 3 4 |  4.0
Shields        | 3 4 7 11 | 11.0
Spellcasting   | 3 5 6 |  6.0
Poison Magic   | 2 3 |  3.0
Air Magic      | 3 8 |  8.3
Dodging        | 5 6 |  6.0
Maces & Flails | 8 11 14 | 14.1
Invocations    | 2 |  2.7
Stealth        | |  1.5
Conjurations   | |  0.6

Action                     |  1- 3 |  4- 6 |  7- 9 | 10-12 | 13-15 || total
---------------------------+-------+-------+-------+-------+-------++-------
  Melee: Staff             |   128 |   184 |   417 |   517 |    13 ||  1259
         Headbutt          |    21 |    45 |    76 |   162 |   265 ||   569
         Unarmed           |     4 |       |       |       |       ||     4
         Punch             |       |     2 |       |       |       ||     2
         Morningstar       |       |       |       |   202 |   909 ||  1111
  Throw: Dart              |       |       |       |     4 |       ||     4
   Cast: Airstrike         |       |       |       |    24 |    11 ||    35
         Shock             |       |       |       |    19 |    19 ||    38
Ability: Evoke Invisibilit |       |       |       |       |     1 ||     1
  Evoke: Wand              |       |       |    14 |    22 |       ||    36
         Piece from Xom's  |       |       |       |    13 |       ||    13
    Use: Scroll            |     5 |     1 |    15 |    19 |     7 ||    47
         Potion            |       |     2 |       |     9 |     9 ||    20
   Stab: Sleeping          |       |       |     1 |    11 |     6 ||    18
         Betrayed ally     |       |       |     1 |       |       ||     1
         Petrified         |       |       |       |     3 |       ||     3
 Armour: Scale mail        |    70 |    91 |   239 |   158 |       ||   558
         Robe              |       |       |       |   159 |   123 ||   282
         Plate armour      |       |       |       |       |   385 ||   385
         Skin              |       |       |       |       |     2 ||     2
  Dodge: Dodged            |    57 |    82 |   227 |   407 |   275 ||  1048
  Block: Buckler           |       |     5 |    99 |   181 |    27 ||   312
         Kite shield       |       |       |       |       |   538 ||   538
         Reflection        |       |       |       |       |    21 ||    21
